AoeStats
← jnaveab

Arena

509714112Analyzed
1v1 RM · 5d ago on Sep 27, 2026· 37m 44s· 2 players
Game mode
Random Map
Map size
Tiny (2 player)
Population
200
Speed
Normal
Resources
Standard
Victory
Conquest
Starting age
Dark Age
Ending age
Imperial Age
RankedLock teamsTeams togetherTeam positionsShared explorationLock speedFull tech treeHidden civsTurbo modeCheats
Victory
Defeat
🇩🇪 Mapuche · Germany
827
+16
🇨🇱 Mapuche · Chile
822
-42
jnaveab
2:57 Loom
10:06 Feudal Age
14:42 Double-Bit Axe
18:53 Castle Age
17:04 Horse Collar
18:29 Gold Mining
23:41 Bow Saw
24:04 Pikeman
27:08 Gold Shaft Mining
36:27 Heavy Plow
36:33 Heavy Plow
Oggi93
10:41 Feudal Age
12:31 Wheelbarrow
11:49 Double-Bit Axe
11:57 Horse Collar
19:00 Castle Age
17:27 Scale Mail Armor
17:25 Gold Mining
17:39 Stone Mining
17:48 Champi Runner
19:15 Town Watch
19:39 Champi Warrior
21:12 Fletching
22:14 Forging
23:20 Bow Saw
23:13 Heavy Plow
24:06 Fervor
24:37 Loom
27:43 Gold Shaft Mining
27:39 Town Patrol
28:21 Arson
29:32 Iron Casting
31:02 Chain Mail Armor
30:50 Pikeman
32:42 Hand Cart
33:08 Bodkin Arrow
38:59 Imperial Age
36:53 Ballistics
36:44 Masonry
37:11 Malon
Connection lost

Rejoining the realm…

Still unreachable

The connection could not be restored.

Session expired

The server has moved on; the page needs a fresh start.